 Dungeon Crawl Stone Soup version 0.28.0-53-g5a82cb258f (webtiles) character file.

Game seed: 3257459189699706888

4 GigaChad the Ducker (level 1, 0/16 HPs)
             Began as a Human Gladiator on Aug 20, 2022.
             Slain by a quokka (2 damage)
             ... on level 1 of the Dungeon.
             The game lasted 00:00:13 (44 turns).

GigaChad the Ducker (Human Gladiator)                 Turns: 44, Time: 00:00:13

Health: 0/16       AC:  4    Str: 14    XL:     1   Next: 66%
Magic:  1/1        EV: 12    Int:  8    God:
Gold:   0          SH:  0    Dex: 14    Spells: 0/0 levels left

rFire   . . .      SeeInvis .   a - +0 long sword
rCold   . . .      Faith    .   (no shield)
rNeg    . . .      Spirit   .   b - +0 leather armour
rPois   .          Reflect  .   c - +0 helmet
rElec   .          Harm     .   (no cloak)
rCorr   .          Rampage  .   (no gloves)
Will    .....                   (no boots)
Stlth   +.........              (no amulet)
HPRegen 0.05/turn               (no ring)
MPRegen 0.07/turn               (no ring)

@: no status effects
A: no striking features
a: no special abilities


You were on level 1 of the Dungeon.
You visited 1 branch of the dungeon, and saw 1 of its levels.

Inventory:

Hand Weapons
 a - a +0 long sword (weapon)
Missiles
 d - 3 throwing nets (quivered)
Armour
 b - a +0 leather armour (worn)
 c - a +0 helmet (worn)
Scrolls
 e - a scroll of summoning {unknown}


   Skills:
 + Level 2.1 Fighting
 + Level 3.0 Long Blades
 + Level 2.0 Throwing
 + Level 3.1 Dodging


You couldn't memorise any spells.
You didn't know any spells.
Your spell library was empty.

Dungeon Overview and Level Annotations

Branches:
Dungeon (1/15)

Altars:


Message History

The bat hits you but does no damage. x2
The giant cockroach bites you but does no damage.
The bat hits you but does no damage. The giant cockroach bites you.
You hit the giant cockroach but do no damage.
The giant cockroach is severely wounded.
The bat hits you. The giant cockroach misses you.
You hit the giant cockroach.
You kill the giant cockroach!
The bat barely misses you. The quokka barely misses you.
You barely miss the quokka. The bat hits you but does no damage.
The quokka bites you. x2
* * * LOW HITPOINT WARNING * * *
You closely miss the quokka. The bat barely misses you.
The bat closely misses you. The quokka closely misses you.
The bat barely misses you.
You hit the quokka.
The quokka is moderately wounded.
The bat closely misses you. The quokka barely misses you. x2
You hit the quokka but do no damage. The bat hits you but does no damage. x2
The quokka bites you but does no damage.
You slash the quokka!
You kill the quokka!
The bat misses you. The ball python bites you.
* * * LOW HITPOINT WARNING * * *
The ball python closely misses you.
You closely miss the ball python. The bat hits you but does no damage.
The ball python closely misses you. The ball python grabs you.
The ball python constricts you.
You barely miss the ball python.
The ball python bites you but does no damage.
The ball python constricts you. The bat hits you.
* * * LOW HITPOINT WARNING * * *
The ball python bites you but does no damage.
The ball python constricts you.
You slash the ball python!
You kill the ball python!
The bat barely misses you.
You closely miss the quokka. The bat hits you but does no damage.
The quokka barely misses you. The quokka bites you.
You die...

# # ###+# ..
#?##.#.# ######.#
#.#..#.# #.......
#......###....#
.#.......##....#
........@r.†.#
########...b###..#
#⌠...⌠##.##.# #.$#
#.....##.##.# #..+
#.<.>.##....# #...
#.....###..##
#.... #⌠...⌠####.#
#...#.
######.#..##
#..#.#. ##.###


You could see a quokka and a bat.

Vanquished Creatures
  A giant cockroach (D:1)
  A quokka (D:1)
  A ball python (D:1)
  A bat (D:1)
4 creatures vanquished.

Notes
Turn   | Place    | Note
-------+----------+-------------------------------------------
     0 | D:1      | GigaChad the Human Gladiator began the quest for the Orb.
     0 | D:1      | Reached XP level 1. HP: 16/16 MP: 1/1
    44 | D:1      | Slain by a quokka

Illustrated notes

Levels and vault maps discovered:
D:1:      amcnicky_arrival_gap_in_the_tavern_cellar, layout_basic,
          hellmonk_ecumenical_altar_blasted, minmay_fountain_box, st_stairs_5,
          chequers_big_river, minmay_tromino_i4

Action                   || total
-------------------------++-------
Melee: Long sword        ||    20
Armor: Leather armour    ||    28
Dodge: Dodged            ||    31
